 Dungeon Crawl Stone Soup version 0.24-a0-537-g2d01d4ab0a (webtiles) character file.

Game seed: 4989545375176318256

168 Gynju the Sneak (level 5, -11/24 HPs)
             Began as a Spriggan Enchanter on Aug 14, 2019.
             Killed by divine providence
             ... invoked by an orc priest
              (13 damage)
             ... on level 3 of the Dungeon.
             The game lasted 00:05:35 (3388 turns).

Gynju the Sneak (Spriggan Enchanter)                Turns: 3388, Time: 00:05:36

Health: -11/24     AC:  4    Str:  4    XL:     5   Next: 23%
Magic:  11/11      EV: 18    Int: 17    God:
Gold:   147        SH:  0    Dex: 17    Spells: 5/11 levels left

rFire    . . .     SeeInvis +   j - +0 dagger (curse)
rCold    . . .     Gourm    .   (shield restricted)
rNeg     . . .     Faith    .   b - +0 robe
rPois    .         Spirit   .   (helmet restricted)
rElec    .         Reflect  .   i - +1 cloak
rCorr    .         Harm     .   (gloves unavailable)
MR       .....                  (boots unavailable)
Stlth    ++++......             k - amulet of regeneration
HPRegen  0.48/turn              (no ring)
MPRegen  0.12/turn              (no ring)

@: very quick
A: very small, unfitting armour, see invisible, herbivore, speed 3, slow
metabolism 2
a: no special abilities


You were on level 3 of the Dungeon.
You were hungry.

You visited 1 branch of the dungeon, and saw 3 of its levels.

You collected 147 gold pieces.

Inventory:

Hand Weapons
 a - a +2 dagger
 j - a cursed +0 dagger (weapon)
 n - a +0 rapier
Armour
 b - a +0 robe (worn)
 i - a +1 cloak (worn)
Jewellery
 k - an amulet of regeneration (around neck)
Scrolls
 o - a scroll of random uselessness {unknown}
 p - 2 scrolls of teleportation
 s - 2 scrolls of amnesia {unknown}
 t - a scroll of remove curse {unknown}
Potions
 c - a potion of magic
 e - a potion of haste {unknown}
 f - a potion of lignification {unknown}
 g - a potion of brilliance {unknown}
 h - a potion of heal wounds {unknown}
 l - a potion of mutation {unknown}
 m - a potion of curing {unknown}
 q - 2 potions of might {unknown}
 r - a potion of resistance {unknown}
Comestibles
 d - 7 rations


   Skills:
 - Level 1.1 Short Blades
 - Level 3.0 Dodging
 * Level 6.8 Stealth
 + Level 3.8 Spellcasting
 * Level 5.3 Hexes


You had 5 spell levels left.
You knew the following spells:

 Your Spells              Type           Power        Failure   Level  Hunger
a - Corona                Hex            ###....      1%          1    None
b - Ensorcelled Hibernat  Hex/Ice        ##....       9%          2    ##.....
c - Tukima's Dance        Hex            ###.....     5%          3    ###....

Your spell library contained the following spells:

 Spells                   Type           Power        Failure   Level  Hunger
 Confuse                  Hex            ###.....     5%          3    ###....
 Dazzling Spray           Conj/Hex       ##....       16%         3    ###....


Dungeon Overview and Level Annotations

Branches:
Dungeon (3/15)

Altars:
Hepliaklqana
Makhleb
The Shining One


Innate Abilities, Weirdness & Mutations

You are very small and have problems with some larger weapons.
You are too small for most types of armour.
You have supernaturally acute eyesight. (SInv)
You are a herbivore.
You cover ground extremely quickly.
You need to consume almost no food.


Message History

You hit the orc but do no damage.
The orc is heavily wounded.
The orc priest calls down the wrath of Beogh upon you.
Pain shoots through your body!
* * * LOW HITPOINT WARNING * * *
The orc closely misses you.
You closely miss the orc.
The orc is heavily wounded.
The orc priest closely misses you.
You hit the orc but do no damage.
The orc is heavily wounded.
The orc misses you.
The orc priest hits you but does no damage.
You hit the orc but do no damage.
The orc is heavily wounded.
The orc barely misses you.
The orc priest calls down the wrath of Beogh upon you.
Beogh smites you!
Ouch! That really hurt!
You die...

#....#....###..o####.
###.#.#### #.o.####.
##########...#...# #........
.....##........#.####.o.##...
.....##.##.##.##...........##
...........................#
.....##.##.##_##oo........(#
.....##.##....##o####...##...
#.#####.##....bo@# #.......(
#..# #.......#### #...#####
##.# #.##.#### #...#
##.####.# #...# ..........
.... .####.####
.##.....##.######
.#....÷..#....<)# #
.#......÷#.####†### #.#


You could see an orc priest, 3 orcs and a bat.

Vanquished Creatures
  A hound (D:2)
  Terence (D:3)
  4 adders
  An ooze (D:3)
  A worm (D:2)
  3 dart slugs
  4 orcs (D:3)
  3 giant cockroaches
  10 goblins
  5 hobgoblins
  2 jackals (D:3)
  2 quokkas (D:2)
  A ball python (D:1)
  10 bats
  4 frilled lizards
  5 kobolds
  5 rats
62 creatures vanquished.

Notes
Turn   | Place    | Note
-------+----------+-------------------------------------------
     0 | D:1      | Gynju the Spriggan Enchanter began the quest for the Orb.
     0 | D:1      | Reached XP level 1. HP: 9/9 MP: 5/5
   407 | D:1      | Reached XP level 2. HP: 13/13 MP: 6/6
   411 | D:1      | Learned a level 2 spell: Ensorcelled Hibernation
   597 | D:1      | Reached skill level 5 in Stealth
  1064 | D:1      | Found a glowing golden altar of the Shining One.
  1473 | D:2      | Reached XP level 3. HP: 16/16 MP: 8/8
  1478 | D:2      | Learned a level 3 spell: Tukima's Dance
  1487 | D:2      | Found a burning altar of Makhleb.
  1576 | D:2      | Reached XP level 4. HP: 21/21 MP: 10/10
  1596 | D:2      | Reached skill level 6 in Stealth
  2447 | D:3      | Reached skill level 5 in Hexes
  2516 | D:3      | HP: 1/21 [adder (5)]
  2521 | D:3      | HP: 1/21 [jackal (2)]
  2638 | D:3      | Found a hazy altar of Hepliaklqana.
  2856 | D:3      | Noticed Terence
  3147 | D:3      | Killed Terence
  3147 | D:3      | Reached XP level 5. HP: 24/24 MP: 0/11
  3307 | D:3      | Found a glowing golden altar of the Shining One.
  3382 | D:3      | HP: 1/24 [orc/+0 hand axe (4)]
  3388 | D:3      | Killed from afar by an orc priest

Levels and vault maps discovered:
D:1:      dpeg_arrival_round_c, layout_loops_ring, tso_altar
D:2:      layout_loops_ring, makhleb_heckhound_becter
D:3:      kennysheep_goblin_castle, layout_loops_cross, old_standard_altar,
          overflow_temple_1_default, ebering_ghost_reflecting_pool,
          uniq_sigmund, uniq_terence

Skill      XL: |  1  2  3  4 |
---------------+-------------+-----
Hexes          | 4 5 |  5.3
Stealth        | 5 6 |  6.8
Spellcasting   | 3 |  3.8
Short Blades   | |  1.1
Dodging        | |  3.0

Action                   |  1- 3 |  4- 6 || total
-------------------------+-------+-------++-------
Melee: Dagger            |   102 |   259 ||   361
 Cast: Corona            |     1 |       ||     1
       Ensorcelled Hiber |       |    51 ||    51
  Use: Scroll            |     4 |       ||     4
 Stab: Sleeping          |    12 |    17 ||    29
  Eat: Ration            |       |     1 ||     1
Armor: Robe              |    15 |    43 ||    58
Dodge: Dodged            |    91 |   363 ||   454

Table legend:
 A = Non-vault XP
 B = Vault XP
 C = Vault XP percentage of total XP
 D = Non-vault monster count
 E = Vault monster count
 F = Vault count percentage of total count
                 A         B        C        D         E       F
            +---------+---------+-------+---------+---------+-------
      Total |     159 |      81 |  33.8 |      59 |       3 |   4.8
            +---------+---------+-------+---------+---------+-------
        D:1 |      39 |       0 |   0.0 |      24 |       0 |   0.0
        D:2 |      73 |      43 |  37.1 |      19 |       1 |   5.0
        D:3 |      47 |      38 |  44.7 |      16 |       2 |  11.1
            +---------+---------+-------+---------+---------+-------
